 Dungeon Crawl Stone Soup version 0.28-a0-823-gb444dcf96d (webtiles) character file.

Game seed: 12788326341517736743

9 ytrimaz the Skirmisher (level 2, 24/24 HPs)
             Began as a Demonspawn Berserker on Nov 9, 2021.
             Was a Follower of Trog.
             Quit the game on level 1 of the Dungeon.
             The game lasted 00:00:29 (512 turns).

ytrimaz the Skirmisher (Demonspawn Berserker)        Turns: 512, Time: 00:00:30

Health: 24/24      AC:  2    Str: 17    XL:     2   Next: 3%
Magic:  2/2        EV: 12    Int: 10    God:    Trog [*.....]
Gold:   7          SH:  0    Dex: 12    Spells: 1/1 levels left

rFire   . . .      SeeInvis .   a - +0 hand axe
rCold   . . .      Faith    .   (no shield)
rNeg    . . .      Spirit   .   b - +0 animal skin
rPois   .          Reflect  .   (no helmet)
rElec   .          Harm     .   (no cloak)
rCorr   .          Rampage  .   (no gloves)
Will    .....                   (no boots)
Stlth   +.........              (no amulet)
HPRegen 0.08/turn               (no ring)
MPRegen 0.08/turn               (no ring)

@: no status effects
A: big brain 1
a: Renounce Religion, Berserk


You were on level 1 of the Dungeon.
You worshipped Trog.
Trog was aware of your devotion.
You visited 1 branch of the dungeon, and saw 1 of its levels.

You collected 7 gold pieces.

Inventory:

Hand Weapons
 a - a +0 hand axe (weapon)
Armour
 b - a +0 animal skin (worn)
Scrolls
 c - 3 scrolls of magic mapping {unknown}
 d - a scroll of teleportation {unknown}
 e - a scroll of noise {unknown}
Potions
 f - a potion of might {unknown}


   Skills:
 + Level 3.1 Fighting
 + Level 2.9 Axes
 * Level 1.9 Armour
 * Level 1.9 Dodging


You had one spell level left.
You didn't know any spells.
Your spell library was empty.

Dungeon Overview and Level Annotations

Branches:
Dungeon (1/15)

Altars:


Innate Abilities, Weirdness & Mutations

You have an unusually large brain. (Int +2)


Message History

d - a scroll labelled GIME VIRGHAMU No target in view!
e - a scroll labelled GYSEECZ BOBB
Found a cloak.
A kobold comes into view. It is wielding a +0 short sword.
The kobold shouts!
You see here a sedimented green potion.
The kobold throws a stone.
The stone closely misses you. The kobold completely misses you.
A quokka comes into view.
You barely miss the kobold. The kobold barely misses you.
You closely miss the kobold. The kobold hits you but does no damage.
You hit the kobold but do no damage. The kobold misses you.
You hit the kobold.
The kobold is moderately wounded.
The kobold hits you with a +0 short sword.
The kobold misses you.
You barely miss the kobold.
The kobold is moderately wounded.
The kobold misses you.
You hit the kobold.
You kill the kobold!
Trog accepts your kill.
You hit the quokka.
You kill the quokka!
Trog accepts your kill.
You have reached level 2!
Your demonic ancestry asserts itself...
Your brain expands.
Things that are here:
a +0 short sword; 2 stones
f - a sedimented green potion You see here a +0 cloak.
Found a Young Poisoner's Handbook.
You see here a Young Poisoner's Handbook.
A kobold comes into view. It is wielding a +0 short sword.
A kobold is nearby!
A kobold is nearby!
A kobold is nearby!
Are you sure you want to abandon this character and quit the game? (Confirm with "yes".)

#.##########.≈≈≈≈.≈≈
#.# #.≈≈≈≈.≈≈ ###.#
#.≈≈≈≈.≈≈ #...#
##.≈≈≈≈.≈≈ #.#.#
#..≈≈≈≈.≈≈ #.#.#
#..≈≈≈≈.≈≈ #.#.#
...≈≈≈≈.≈≈ #.#.####
...P≈≈...≈ #.#..@.#
.......... #.####.#
.......<.. #. .#
.......... .#
...P≈≈...≈ .#
..(≈≈≈≈.≈≈ K.
...≈≈≈≈.≈≈ #.
...≈≈≈≈.≈≈ .
##.≈≈≈≈.≈≈ #.≈≈≈≈.≈≈


You could see a kobold (asleep).

Vanquished Creatures
  A bat (D:1)
  An endoplasm (D:1)
  A goblin (D:1)
  2 quokkas (D:1)
  A kobold (D:1)
  2 rats (D:1)
8 creatures vanquished.

Notes
Turn   | Place    | Note
-------+----------+-------------------------------------------
     0 | D:1      | ytrimaz the Demonspawn Berserker began the quest for the
                  | Orb.
     0 | D:1      | Reached XP level 1. HP: 18/18 MP: 1/1
   401 | D:1      | Gained mutation: You have an unusually large brain. (Int
                  | +2) [demonic ancestry]
   401 | D:1      | Reached XP level 2. HP: 21/24 MP: 2/2
   512 | D:1      | Quit the game

Illustrated notes

Levels and vault maps discovered:
D:1:      giann_bridges, layout_loops_ring

Action                   || total
-------------------------++-------
Melee: Hand axe          ||    28
 Stab: Sleeping          ||     1
Armor: Animal skin       ||     7
Dodge: Dodged            ||    30

Table legend: (Time is in decaauts)
 A = Elapsed time spent in this place.
 B = Non-inter-level travel time spent in this place.
 C = Inter-level travel time spent in this place.
 D = Time resting spent in this place.
 E = Time spent auto-exploring this place.
 F = Levels seen in this place.
 G = Mean time per level.
                   A        B        C        D        E       F      G
               +--------+--------+--------+--------+--------+-----+--------+
         Total |    516 |    516 |      0 |      0 |    446 |   1 |  516.0 |
       Dungeon |    516 |    516 |      0 |      0 |    446 |   1 |  516.0 |
               +--------+--------+--------+--------+--------+-----+--------+

Top non-repeatable levels by time:
     D:1: 516 daAuts
